 Dungeon Crawl Stone Soup version 0.31-a0-177-g4aa6249778 (webtiles) character file.

Game seed: 4963628872991918845

1921 qw the Cleaver (level 9, -1/61 HPs)
             Began as a Gargoyle Fighter on June 18, 2023.
             Slain by an iguana (4 damage)
             ... on level 7 of the Dungeon.
             The game lasted 00:02:44 (5606 turns).

qw the Cleaver (Gargoyle Fighter)                   Turns: 5606, Time: 00:02:45

Health: -1/61      AC: 22    Str: 24    XL:     9   Next: 17%
Magic:  0/9        EV:  9    Int:  9    God:
Gold:   95         SH:  5    Dex: 15    Spells: 8/8 levels left

rFire   + . .        Y - +1 war axe
rCold   . . .        c - +0 buckler
rNeg    + . .        n - +0 chain mail
rPois   inf          p - +2 hat
rElec   +            i - +0 cloak
rCorr   .            o - +2 pair of gloves
SInv    .            (no boots)
Will    .....        x - amulet of guardian spirit Stlth
                     w - +4 ring of slaying {mikee}
HPRegen 0.30/turn    h - +6 ring of dexterity
MPRegen 0.11/turn

%: guardian spirit
@: no status effects
A: sickness immunity, AC +6, negative energy resistance 1, electricity
resistance, torment resistance 1, petrification resistance, antennae 1, fire
resistance 1, robust 1
a: no special abilities


You were on level 7 of the Dungeon.
You visited 1 branch of the dungeon, and saw 7 of its levels.

You collected 441 gold pieces.
You spent 346 gold pieces at shops.


Innate Abilities, Weirdness & Mutations

You are immune to sickness and miasma.
Your stone body is resilient. (AC +6)
You are immune to poison.
You resist negative energy. (rN+)
You are resistant to electric shocks. (rElec)
You are resistant to unholy torment.
You are immune to petrification.
You have a pair of small antennae on your head.
Your flesh is heat resistant. (rF+)
You are robust. (+10% HP)


   Skills:
 - Level 6.3 Fighting
 + Level 8.4 Axes
 - Level 2.1 Throwing
 - Level 4.5 Armour
 - Level 2.8 Dodging
 - Level 3.2 Shields


You had 8 spell levels left.
You didn't know any spells.
Your spell library was empty.

Inventory:

Hand Weapons
 f - a +0 flail
 Y - a +1 war axe (weapon)
Missiles
 v - a javelin (quivered)
Armour
 c - a +0 buckler (worn)
 i - a +0 cloak (worn)
 n - a +0 chain mail (worn)
 o - a +2 pair of gloves (worn)
 p - a +2 hat (worn)
Jewellery
 b - a ring of protection from fire
 h - a +6 ring of dexterity (right hand)
 t - a ring of resist corrosion
 w - a +4 ring of slaying (left hand) {mikee}
 x - an amulet of guardian spirit (around neck)
Scrolls
 a - 4 scrolls of identify
Potions
 d - 2 potions of might
 e - 4 potions of curing
 j - 2 potions of attraction
 k - 2 potions of cancellation
 l - 3 potions of enlightenment
 m - a potion of mutation

Dungeon Overview and Level Annotations

Branches:
Dungeon (7/15)
 Temple: D:4-7

Altars:
Makhleb
Nemelex Xobeh
Qazlal
Sif Muna
Wu Jian
Zin

Shops:
D:4 ?   D:5 !   D:6 :

Annotations:
D:6 1 transporter
D:7 Joseph, Maggie


Message History

The sling bullet hits you but does no damage.
The water moccasin bites you but does no damage.
You block Maggie's attack.
Joseph shoots a sling bullet.
The sling bullet hits you.
You slice the water moccasin!!
You kill the water moccasin!
You barely miss Maggie.
Your surroundings suddenly seem different. 2 hounds, a shadow imp and an iguana come into view.
You are no longer entranced.
The hound barks! x2
The shadow imp shouts, "Out, out, thou weedy full-gorged toady!"
The iguana hisses angrily.
You hear a bark!
You block the hound's attack.
You closely miss the iguana. You slash the hound!
The hound bites you but does no damage. The iguana closely misses you.
The hound bites you but does no damage.
You barely miss the hound.
The hound is severely wounded.
You slash the hound! You hit the iguana.
The hound bites you but does no damage. x2; You block the iguana's attack.
The hound bites you but does no damage.
You slash the hound!
You kill the hound!
You hit the iguana but do no damage. You slash the hound!
You kill the hound!
The iguana bites you.
You barely miss the iguana.
The iguana is lightly wounded.
You closely miss the shadow imp. The iguana barely misses you.
The shadow imp gestures at you. Pain shoots through your body!
You hit the iguana.
The iguana is heavily wounded.
You slash the shadow imp!
The iguana bites you but does no damage.
The shadow imp hits you but does no damage.
The shadow imp barely misses you. The iguana bites you.
You die...

..###....#
........#
.......#
#......#
##......#
##.......#
.##...l5..#
.......@..#
###########


You could see an iguana and a shadow imp.

Vanquished Creatures
  Grinder (D:5)
  A steam dragon (D:7)
  A water moccasin (D:7)
  An ice beast (D:6)
  A black bear (D:6)
  3 ogres
  2 phantoms (D:5)
  2 bullfrogs
  A scorpion (D:5)
  4 hounds
  A jelly (D:6)
  2 orc priests (D:5)
  A gnoll bouda (D:6)
  5 iguanas
  2 sleepcaps
  3 orc wizards
  9 gnolls
  5 adders
  An ufetubus (D:5)
  2 worms
  2 dart slugs
  14 orcs
  3 ball pythons
  A bat (D:2)
  2 endoplasms (D:2)
  5 giant cockroaches
  8 hobgoblins
  4 jackals
  2 quokkas (D:4)
  2 frilled lizards
  10 goblins
  4 kobolds
  6 rats
111 creatures vanquished.

Notes
Turn   | Place    | Note
-------+----------+-------------------------------------------
     0 | D:1      | qw the Gargoyle Fighter began the quest for the Orb.
     0 | D:1      | Reached XP level 1. HP: 14/14 MP: 1/1
     0 | D:1      | 0 ||| qw: Version: 0.3-a-5-g6f28e65
     0 | D:1      | 0 ||| qw: Game counter: 667
     0 | D:1      | 0 ||| qw: Always use a shield: true
     0 | D:1      | 0 ||| qw: God list: Okawaru
     0 | D:1      | 0 ||| qw: Allow faded altars: false
     0 | D:1      | 0 ||| qw: Do Orc after D:15 true
     0 | D:1      | 0 ||| qw: Do second Lair branch before Depths: true
     0 | D:1      | 0 ||| qw: Lair rune preference: random
     0 | D:1      | 0 ||| qw: Plans: Normal, Zot:1-4, Slime:5, God:TSO, Crypt,
                  | Tomb, Abyss, Pan, Hells, Win
     0 | D:1      | 0 ||| PLANNING D:1-11
   135 | D:1      | Reached skill level 2 in Axes
   423 | D:1      | Reached XP level 2. HP: 19/19 MP: 2/2
   536 | D:1      | Found a faded altar of an unknown god.
   707 | D:1      | 707 ||| UPGRADING to ring of resist corrosion.
   708 | D:1      | 708 ||| READING scroll labelled MALU RASTRE.
   709 | D:1      | 709 ||| READING scroll labelled WISUES HO DUEF.
   710 | D:1      | 710 ||| READING scroll labelled RAFOXZ EFAS.
   729 | D:2      | 729 ||| STAIRDANCE
   932 | D:2      | You fall into a shaft and drop 2 floors!
   933 | D:4      | 933 ||| READING scroll labelled SISSOU QIUZXA.
   934 | D:4      | 934 ||| READING scroll labelled YPTOEL OSHEU.
  1030 | D:2      | 1030 ||| Stepping ~*~*~tactically~*~*~ (hiding).
  1034 | D:2      | Reached skill level 3 in Axes
  1154 | D:2      | Reached XP level 3. HP: 19/23 MP: 3/3
  1387 | D:2      | 1387 ||| Stepping ~*~*~tactically~*~*~ (hiding).
  1819 | D:2      | 1819 ||| DRINKING 2 glowing cyan potions.
  1820 | D:2      | 1820 ||| DROPPING potion of degeneration.
  1889 | D:3      | Reached XP level 4. HP: 28/28 MP: 4/4
  2104 | D:3      | Found an ornate altar of the Wu Jian Council.
  2154 | D:3      | Reached skill level 4 in Axes
  2365 | D:3      | 2365 ||| Stepping ~*~*~tactically~*~*~ (stealth).
  2445 | D:3      | 2445 ||| UPGRADING to +0 cloak.
  2450 | D:3      | 2450 ||| UPGRADING to +0 pair of gloves.
  2455 | D:3      | 2455 ||| UPGRADING to +0 chain mail.
  2465 | D:3      | 2465 ||| DROPPING +0 scale mail.
  2466 | D:3      | 2466 ||| UPGRADING to +2 pair of gloves.
  2476 | D:3      | 2476 ||| DROPPING +0 pair of gloves.
  2477 | D:3      | 2477 ||| UPGRADING to ring of protection from fire.
  2478 | D:3      | 2478 ||| READING scroll labelled BIUZU OGETAS.
  2479 | D:3      | 2479 ||| DRINKING 2 smoky emerald potions.
  2480 | D:3      | 2480 ||| READING 3 scrolls of identify.
  2480 | D:3      | 2480 ||| IDENTIFYING ruby potion
  2481 | D:3      | 2481 ||| READING 2 scrolls of identify.
  2481 | D:3      | 2481 ||| IDENTIFYING viscous brown potion
  2608 | D:4      | Found a stormy altar of Qazlal.
  2609 | D:4      | Noticed an air elemental
  2611 | D:4      | Noticed a water elemental
  2611 | D:4      | Noticed a fire elemental
  2611 | D:4      | Noticed an earth elemental
  2649 | D:4      | Reached XP level 5. HP: 29/32 MP: 5/5
  2683 | D:4      | 2683 ||| Stepping ~*~*~tactically~*~*~ (hiding).
  2705 | D:4      | Reached skill level 5 in Axes
  2860 | D:4      | Found Utotuden's Magic Scroll Emporium.
  2866 | D:4      | 2866 ||| BUYING scroll of teleportation (30 gold).
  2866 | D:4      | Bought a scroll of teleportation for 30 gold pieces
  2866 | D:4      | 2866 ||| BUYING scroll of teleportation (30 gold).
  2866 | D:4      | Bought a scroll of teleportation for 30 gold pieces
  2888 | D:4      | 2888 ||| Stepping ~*~*~tactically~*~*~ (stealth).
  3032 | D:4      | Reached XP level 6. HP: 36/38 MP: 6/6
  3155 | D:4      | 3155 ||| Stepping ~*~*~tactically~*~*~ (stealth).
  3264 | D:4      | 3264 ||| READING 2 scrolls of identify.
  3264 | D:4      | 3264 ||| IDENTIFYING puce potion
  3265 | D:4      | 3265 ||| DROPPING potion of brilliance.
  3273 | D:5      | Entered Level 5 of the Dungeon
  3277 | D:5      | 3277 ||| STAIRDANCE
  3398 | D:5      | 3398 ||| Stepping ~*~*~tactically~*~*~ (stealth).
  3454 | D:5      | Reached skill level 6 in Axes
  3456 | D:5      | HP: 7/38 [scorpion (3)]
  3457 | D:5      | 3457 ||| READING 2 scrolls of teleportation.
  3458 | D:5      | 3458 ||| DRINKING potion of heal wounds.
  3465 | D:5      | Reached skill level 1 in Dodging
  3465 | D:5      | Reached XP level 7. HP: 38/43 MP: 7/7
  3487 | D:5      | Found a shimmering blue altar of Sif Muna.
  3498 | D:5      | 3498 ||| Stepping ~*~*~tactically~*~*~ (stealth).
  3748 | D:5      | HP: 8/43 [orc priest/divine providence (16)]
  3749 | D:5      | 3749 ||| READING scroll of teleportation.
  3928 | D:5      | Found a glowing silver altar of Zin.
  3928 | D:5      | Noticed an angel
  3935 | D:5      | Found Fuuta's Distillery.
  3938 | D:5      | 3938 ||| Stepping ~*~*~tactically~*~*~ (stealth).
  3959 | D:5      | 3959 ||| FLEEEEING.
  3960 | D:5      | 3960 ||| FLEEEEING.
  3961 | D:5      | 3961 ||| FLEEEEING.
  3962 | D:5      | 3962 ||| FLEEEEING.
  3963 | D:5      | 3963 ||| FLEEEEING.
  3966 | D:5      | 3966 ||| Stepping ~*~*~tactically~*~*~ (hiding).
  3967 | D:5      | 3967 ||| Stepping ~*~*~tactically~*~*~ (hiding).
  4018 | D:5      | 4018 ||| Stepping ~*~*~tactically~*~*~ (stealth).
  4054 | D:5      | 4054 ||| BUYING potion of cancellation (88 gold).
  4054 | D:5      | Bought a potion of cancellation for 88 gold pieces
  4054 | D:5      | 4054 ||| BUYING potion of curing (33 gold).
  4054 | D:5      | Bought a potion of curing for 33 gold pieces
  4054 | D:5      | 4054 ||| BUYING potion of enlightenment (55 gold).
  4054 | D:5      | Bought a potion of enlightenment for 55 gold pieces
  4054 | D:5      | 4054 ||| BUYING potion of enlightenment (55 gold).
  4054 | D:5      | Bought a potion of enlightenment for 55 gold pieces
  4054 | D:5      | 4054 ||| BUYING potion of enlightenment (55 gold).
  4054 | D:5      | Bought a potion of enlightenment for 55 gold pieces
  4054 | D:5      | 4054 ||| SHOPLISTING potion of heal wounds (55 gold, have
                  | 8).
  4054 | D:5      | 4054 ||| SHOPLISTING potion of might (44 gold, have 8).
  4054 | D:5      | 4054 ||| SHOPLISTING potion of resistance (110 gold, have
                  | 8).
  4072 | D:5      | Reached skill level 1 in Throwing
  4158 | D:5      | Noticed Grinder
  4159 | D:5      | 4159 ||| Stepping ~*~*~tactically~*~*~ (stealth).
  4164 | D:5      | Reached skill level 7 in Axes
  4164 | D:5      | 4164 ||| FLEEEEING.
  4168 | D:5      | 4168 ||| FLEEEEING.
  4169 | D:5      | 4169 ||| FLEEEEING.
  4169 | D:5      | Paralysed by Grinder for 4 turns
  4177 | D:5      | Paralysed by Grinder for 5 turns
  4188 | D:5      | Killed Grinder
  4189 | D:5      | Reached XP level 8. HP: 42/51 MP: 8/8
  4312 | D:5      | 4312 ||| UPGRADING to +2 hat.
  4317 | D:5      | 4317 ||| DRINKING 2 orange potions.
  4317 | D:5      | Gained mutation: You have a pair of small antennae on your
                  | head. [potion of mutation]
  4317 | D:5      | Gained mutation: You are robust. (+10% HP) [potion of
                  | mutation]
  4317 | D:5      | Gained mutation: Your flesh is heat resistant. (rF+)
                  | [potion of mutation]
  4345 | D:6      | 4345 ||| STAIRDANCE
  4652 | D:6      | Reached skill level 8 in Axes
  5009 | D:6      | Found Ylocs's Book Shoppe.
  5045 | D:6      | Found a burning altar of Makhleb.
  5060 | D:6      | Reached skill level 6 in Fighting
  5385 | D:6      | Found a sparkling altar of Nemelex Xobeh.
  5385 | D:6      | Found a transporter.
  5385 | D:6      | Noticed a red ugly thing
  5386 | D:6      | Noticed a manticore
  5520 | D:6      | 5520 ||| UPGRADING to amulet of guardian spirit.
  5525 | D:6      | 5525 ||| UPGRADING to +6 ring of dexterity.
  5527 | D:6      | 5527 ||| UPGRADING to +4 ring of slaying {mikee}.
  5529 | D:6      | 5529 ||| UPGRADING to +6 ring of dexterity.
  5531 | D:6      | 5531 ||| READING scroll labelled UDGHUORIEFUG.
  5532 | D:6      | 5532 ||| READING 2 scrolls labelled SEOXTO DIUZ.
  5533 | D:6      | 5533 ||| READING scroll labelled BYUCHO GADWUW.
  5534 | D:6      | 5534 ||| READING 5 scrolls of identify.
  5534 | D:6      | 5534 ||| IDENTIFYING golden potion
  5535 | D:6      | 5535 ||| DROPPING scroll of fog.
  5536 | D:6      | 5536 ||| DROPPING potion of berserk rage.
  5580 | D:7      | Reached XP level 9. HP: 59/61 MP: 9/9
  5582 | D:7      | Noticed Maggie
  5586 | D:7      | Noticed Joseph
  5598 | D:7      | HP: 15/61 [Joseph/sling bullet (5)]
  5599 | D:7      | 5599 ||| READING scroll of teleportation.
  5604 | D:7      | HP: 8/61 [iguana (2)]
  5605 | D:7      | HP: 3/61 [shadow imp/nerve-wracking pain (5)]
  5606 | D:7      | Slain by an iguana

Levels and vault maps discovered:
D:1:      dpeg_arrival_simpleton_c, layout_basic,
          hellmonk_ecumenical_altar_leap_of_faith, minivault_26,
          minmay_heptomino_o4
D:2:      layout_loops_corners, small_statue_intersection
D:3:      corexii_shack_village, layout_loops_cross, old_standard_altar
D:4:      layout_loops_cross, nicolae_qazlal_style_of_elements, serial_shops,
          nicolae_shop_pleasant_corner_grove
D:5:      layout_basic, lemuel_tele_altar, zin_angel, serial_shops, shop,
          roderic_roman_lattice, uniq_grinder
D:6:      layout_layer_cave, grunt_nemelex_the_gamble,
          overflow_temple_1_default, serial_shops, nicolae_square_shop
D:7:      layout_cave_pools, minmay_temple_entry_junction, serial_gnoll_camp,
          gnoll_camp_mini_shop, gnoll_camp_mini_shop, gnoll_camp_medium_01,
          gnoll_camp_mini_shop, grums_kennel, uniq_maggie, uniq_menkaure,
          uniq_joseph

Skill      XL: |  1  2  3  4  5  6  7  8 |
---------------+-------------------------+-----
Axes           | 2 3 4 5 6 7 8 |  8.4
Fighting       | 4 5 6 |  6.3
Dodging        | 1 2 |  2.8
Throwing       | 1 2 |  2.1
Armour         | 4 |  4.5
Shields        | |  3.2

Action                     |  1- 3 |  4- 6 |  7- 9 || total
---------------------------+-------+-------+-------++-------
  Melee: War axe           |    95 |   165 |   168 ||   428
  Throw: Javelin           |       |       |    25 ||    25
    Use: Scroll            |     5 |     5 |     6 ||    16
         Potion            |     1 |     2 |     1 ||     4
 Armour: Scale mail        |    46 |    21 |       ||    67
         Chain mail        |       |    67 |   109 ||   176
  Dodge: Dodged            |    50 |    50 |    61 ||   161
  Block: Buckler           |    16 |    21 |    43 ||    80

Table legend:
 A = Non-vault XP
 B = Vault XP
 C = Vault XP percentage of total XP
 D = Non-vault monster count
 E = Vault monster count
 F = Vault count percentage of total count
                 A         B        C        D         E       F
            +---------+---------+-------+---------+---------+-------
      Total |    2359 |     386 |  14.1 |      99 |      12 |  10.8
            +---------+---------+-------+---------+---------+-------
        D:1 |      12 |       4 |  25.0 |       8 |       2 |  20.0
        D:2 |      48 |       0 |   0.0 |      19 |       0 |   0.0
        D:3 |      27 |      18 |  40.0 |       9 |       7 |  43.8
        D:4 |     339 |       0 |   0.0 |      25 |       0 |   0.0
        D:5 |     740 |     277 |  27.2 |      19 |       1 |   5.0
        D:6 |     774 |       0 |   0.0 |      16 |       0 |   0.0
        D:7 |     419 |      87 |  17.2 |       3 |       2 |  40.0
            +---------+---------+-------+---------+---------+-------
